 Dungeon Crawl Stone Soup version 0.30-a0-883-g5ad918d77d (webtiles) character file.

Game seed: 7830887022647667744

109 eruonna the Covered (level 5, -2/60 HPs)
             Began as a Meteoran Wanderer on Mar 16, 2023.
             Was a Believer of Elyvilon.
             Succumbed to a gnoll's poison
             ... on level 2 of the Dungeon.
             The game lasted 00:11:07 (1033 turns).

eruonna the Covered (Meteoran Wanderer)             Turns: 1033, Time: 00:11:07

Health: -2/60      AC:  4    Str: 11    XL:     5   Next: 36%
Magic:  4/9        EV: 11    Int: 15    God:    Elyvilon [**....]
Gold:   59         SH:  0    Dex: 16    Spells: 4/8 levels left

rFire   . . .      SeeInvis .    i - +0 short sword
rCold   . . .      Faith    .    (no shield)
rNeg    . . .      Spirit   .    f - +0 leather armour
rPois   .          Reflect  .    (no helmet)
rElec   .          Rampage  .    (no cloak)
rCorr   .                        (no gloves)
Will    .....                    b - +0 pair of boots Stlth
                                 (no amulet)
HPRegen 0.30/turn                l - ring of wizardry
MPRegen 0.11/turn                (no ring)

@: berserking (expiring), lethally poisoned (-2 -> -18), flying, glowing, very
quick
A: sense surroundings 1, otherworldly, glowing, explore regen
a: Renounce Religion, Purification, Heal Other


You were on level 2 of the Dungeon.
You worshipped Elyvilon.
Elyvilon was pleased with you.
You visited 1 branch of the dungeon, and saw 2 of its levels.

You collected 59 gold pieces.

Inventory:

Hand Weapons
 a - a +0 sling
 i - a +0 short sword (weapon)
Armour
 b - a +0 pair of boots (worn)
 d - a +0 robe
 f - a +0 leather armour (worn)
Jewellery
 l - a ring of wizardry (left hand)
 p - a ring of ice
Wands
 q - a wand of charming (12)
Scrolls
 c - a scroll of silence
 j - a scroll of identify {unknown}
 m - a scroll of vulnerability {unknown}
 n - 3 scrolls of teleportation {unknown}
 o - 2 scrolls of amnesia {unknown}
 s - a scroll of fear {unknown}
Potions
 e - a potion of magic {unknown}
 g - a potion of degeneration {unknown}
 h - a potion of resistance {unknown}
 t - a potion of attraction {unknown}
 u - a potion of lignification {unknown}
 v - a potion of might {unknown}


   Skills:
 - Level 1.1 Fighting
 - Level 2.8 Short Blades
 - Level 1.1 Ranged Weapons
 - Level 3.1 Armour
 - Level 1.2 Dodging
 - Level 2.0 Spellcasting
 + Level 2.8 Ice Magic
 - Level 2.4 Earth Magic
 - Level 1.2 Invocations
 - Level 1.2 Evocations


You had 4 spell levels left.
You knew the following spells:

 Your Spells              Type           Power      Damage    Failure   Level
a - Sandblast             Erth           16%        2d6       4%          1
b - Ozocubu's Armour      Ice            10%        N/A       11%         3

Your spell library contained the following spells:

 Spells                   Type           Power      Damage    Failure   Level
 Passwall                 Tmut/Erth      4%         N/A       11%         2
 Leda's Liquefaction      Hex/Erth       2%         N/A       52%         4
 Ozocubu's Refrigeration  Ice            5%         4d8       100%        7


Dungeon Overview and Level Annotations

Branches:
Dungeon (2/15) Zot: 175

Altars:
Elyvilon
Okawaru


Innate Abilities, Weirdness & Mutations

You passively map a small area around you.
You are easily found by Zot.
You glow in the dark.
You regain HP and MP as you explore.


Message History

The gnoll hits you with a +0 vampiric whip.
* * * LOW HITPOINT WARNING * * *
The gnoll draws strength from your wounds!
Press: ? - help, Dir - move target, f - you, p - gnoll It was a potion of flight.
You feel very buoyant.
You fly up into the air.
The gnoll hits you but does no damage.
It was a potion of berserk rage.
A red film seems to cover your vision as you go berserk!
You feel yourself moving faster!
You feel mighty! The gnoll hits you but does no damage.
You puncture the gnoll!
You kill the gnoll!
You closely miss the gnoll. The gnoll completely misses you.
The gnoll hits you but does no damage.
You hit the gnoll. You punch the gnoll!
The gnoll is almost dead.
You puncture the gnoll!
You kill the gnoll!
The gnoll hits you but does no damage.
You are poisoned.
Your icy armour will break if you move.
Continue?
Your icy armour cracks and falls away as you move.
You feel sick.
The gnoll hits you with a +2 spear of venom.
* * * LOW HITPOINT WARNING * * *
You are more poisoned.
Items here: $ )) †.
Unknown command.
You barely miss the gnoll.
* * * LOW HITPOINT WARNING * * *
You feel very sick.
You barely miss the gnoll.
* * * LOW HITPOINT WARNING * * *
You feel sick.
The gnoll hits you with a +2 spear of venom.
Elyvilon protects you from harm!
Okay, then.
You closely miss the gnoll.
You die...

....,......* , ##.####..### *
* ##.# *..# ** * ..#. ..# ,
##.# * .# * ##.# .# ##.#
##.###'## ## # *
##.###...##...###.###..##
##.......# #..g@#....... * *
..†......# #.###.# , , ,
..).##.### #.# #.# ### , *
.##.#.#.## #.# #.# #.., *,
.##..###.####.###.# #.# * *
.##.## ##.........# #.# *
.###.###.####.#######.########
.# ##.#.## #)#####..........#
* .# ##.## #.)..##.#.######.#,


You could see a gnoll.

Vanquished Creatures
  3 adders (D:2)
  3 gnolls (D:2)
  3 dart slugs
  3 orcs (D:2)
  3 ball pythons
  3 endoplasms
  A giant cockroach (D:1)
  4 goblins
  2 hobgoblins
  9 bats
  2 frilled lizards (D:2)
  8 kobolds
  A rat (D:1)
45 creatures vanquished.

Vanquished Creatures (others)
  2 plants (D:1)
2 creatures vanquished.

Grand Total: 47 creatures vanquished

Notes
Turn   | Place    | Note
-------+----------+-------------------------------------------
     0 | D:1      | eruonna the Meteoran Wanderer began the quest for the Orb.
     0 | D:1      | eruonna set off with the following items: a +0 sling, a +0
                  | pair of boots, a scroll of silence, a +0 robe; and the
                  | following spell memorised: Sandblast; and the following
                  | spells available to memorise: Passwall, Leda's
                  | Liquefaction.
     0 | D:1      | Reached XP level 1. HP: 16/16 MP: 3/3
   153 | D:1      | Reached skill level 1 in Short Blades
   153 | D:1      | Reached XP level 2. HP: 23/23 MP: 5/5
   331 | D:1      | Found a faded altar of an unknown god.
   350 | D:1      | Reached XP level 3. HP: 28/28 MP: 6/6
   356 | D:1      | Prayed at the altar of an unknown god.
   356 | D:1      | Became a worshipper of Elyvilon the Healer
   356 | D:1      | Reached * piety under Elyvilon
   507 | D:1      | Glimpsed the power of Zot.
   554 | D:2      | Reached skill level 3 in Armour
   624 | D:2      | Reached XP level 4. HP: 31/35 MP: 7/7
   790 | D:2      | Learned a level 3 spell: Ozocubu's Armour
   791 | D:2      | Reached ** piety under Elyvilon
   828 | D:2      | Reached skill level 1 in Ice Magic
   886 | D:2      | Found an iron altar of Okawaru.
   994 | D:2      | Reached XP level 5. HP: 40/40 MP: 4/9
  1031 | D:2      | HP: 2/60 [poisoned by a gnoll]
  1032 | D:2      | Elyvilon protects you from harm!
  1033 | D:2      | Succumbed to a gnoll's poison

Illustrated notes

Levels and vault maps discovered:
D:1:      minmay_arrival_solitary_statue, layout_basic,
          shapermc_ecumenical_altar_ellora
D:2:      layout_loops_ring, basic_altar, roderic_st_hans_cross

Skill      XL: |  1  2  3  4 |
---------------+-------------+-----
Short Blades   | 1 2 |  2.8
Armour         | 3 |  3.1
Spellcasting   | 2 |  2.0
Ice Magic      | 2 |  2.8
Fighting       | |  1.1
Ranged Weapons | |  1.1
Dodging        | |  1.2
Earth Magic    | |  2.4
Invocations    | |  1.2
Evocations     | |  1.2

Action                     |  1- 3 |  4- 6 || total
---------------------------+-------+-------++-------
  Melee: Short sword       |    99 |    50 ||   149
         Punch             |       |     3 ||     3
   Cast: Sandblast         |     8 |    18 ||    26
         Ozocubu's Armour  |       |     1 ||     1
    Use: Potion            |       |     2 ||     2
 Armour: Leather armour    |    28 |    18 ||    46
  Dodge: Dodged            |    43 |    19 ||    62

Table legend: (Time is in decaauts)
 A = Elapsed time spent in this place.
 B = Non-inter-level travel time spent in this place.
 C = Inter-level travel time spent in this place.
 D = Time resting spent in this place.
 E = Time spent auto-exploring this place.
 F = Levels seen in this place.
 G = Mean time per level.
                   A        B        C        D        E       F      G
               +--------+--------+--------+--------+--------+-----+--------+
         Total |   1024 |   1000 |     24 |      5 |    612 |   2 |  512.0 |
       Dungeon |   1024 |   1000 |     24 |      5 |    612 |   2 |  512.0 |
               +--------+--------+--------+--------+--------+-----+--------+

Top non-repeatable levels by time:
     D:1: 526 daAuts
     D:2: 498 daAuts
